 Dungeon Crawl Stone Soup version 0.27.0-66-gdc8fb28755 (webtiles) character file.

Game seed: 14335169640744639775

36 Spectrina the Covert (level 3, 0/22 HPs)
             Began as a Vampire Delver on Aug 20, 2021.
             Shot with an arrow by a centaur (6 damage)
             ... on level 5 of the Dungeon.
             The game lasted 00:01:05 (104 turns).

Spectrina the Covert (Vampire Delver)                Turns: 104, Time: 00:01:06

Health: 0/22       AC:  3    Str: 11    XL:     3   Next: 19%
Magic:  3/3        EV: 12    Int: 12    God:
Gold:   0          SH:  0    Dex: 16    Spells: 2/2 levels left

rFire    . . .     SeeInvis +   a - +0 short sword
rCold    + + .     Faith    .   (no shield)
rNeg     + + +     Spirit   .   b - +0 leather armour
rPois    ∞         Reflect  .   (no helmet)
rElec    .         Harm     .   (no cloak)
rCorr    .         Rampage  .   (no gloves)
Will     .....                  (no boots)
Stlth    ++++++....             (no amulet)
HPRegen  0.00/turn              (no ring)
MPRegen  0.08/turn              (no ring)

@: bloodless, inhibited regen
A: bloodless, fangs 3, see invisible, vampiric 2
a: Bat Form, Revivify


You were on level 5 of the Dungeon.
You visited 1 branch of the dungeon, and saw 1 of its levels.

Inventory:

Hand Weapons
 a - a +0 short sword (weapon)
Armour
 b - a +0 leather armour (worn)
Wands
 g - a wand of digging (3)
Scrolls
 c - a scroll of fog
 d - a scroll of magic mapping
 e - a scroll of fear
 h - a scroll of silence {unknown}
Potions
 f - a potion of haste


   Skills:
 - Level 2.6 Fighting
 - Level 2.1 Short Blades
 - Level 2.1 Dodging
 + Level 8.8 Stealth


You had 2 spell levels left.
You didn't know any spells.
Your spell library contained the following spells:

 Spells                   Type           Power      Damage    Failure   Level
 Slow                     Hex            0%         N/A       54%         2
 Confusing Touch          Hex            0%         N/A       78%         3
 Vampiric Draining        Necr           0%         2d6       78%         3


Dungeon Overview and Level Annotations

Branches:
Dungeon (5/15)
 Temple: D:4-7

Altars:


Innate Abilities, Weirdness & Mutations

You do not regenerate when monsters are visible.
You are frail without blood (-20% HP).
You can heal yourself when you bite living creatures.
You are immune to poison.
You have razor-sharp teeth.
You have supernaturally acute eyesight. (SInv)
You are afflicted with vampirism and can become a bat while bloodless.


Message History

Your leather armour prevents you from hitting the adder.
The adder closely misses you.
You hit the adder but do no damage. Your bite misses the adder.
The adder closely misses you.
You hit the adder.
The adder is heavily wounded.
The adder completely misses you.
You hit the adder. Your bite misses the adder.
The adder is heavily wounded.
The adder bites you.
* * * LOW HITPOINT WARNING * * *
The adder closely misses you.
You hit the adder.
You kill the adder!
Your Stealth skill increases to level 8!
You have reached level 2!
Found a potion of haste.
An iguana comes into view.
Unknown command.
A scorpion comes into view.
The helpless iguana fails to defend itself.
You bite the iguana, and draw its blood!
You feel better.
You puncture the iguana!
You kill the iguana!
You have reached level 3!
Your experience leads to an increase in your attributes!
Increase (S)trength, (I)ntelligence, or (D)exterity?
You feel agile.
You can now turn into a vampire bat when bloodless.
Found a book of Debilitation.
You pick up a book of Debilitation and begin reading...
You add the spells Slow, Vampiric Draining and Confusing Touch to your library.
Okay, then.
A centaur comes into view.
Unknown command.
Unknown command.
The centaur shouts!
The centaur wields a +0 shortbow.
The centaur shoots an arrow.
The arrow hits you.
You die...

#.......#
#..#.##.#### .
#..........# ..
#..#.#.###.####c..
#..#.#.###........
....#..............
.## .....##........
.##.#..##.####...
.......@..# ..
.#....s#### .
#.##.## ... .## #


You could see a centaur and a scorpion (wandering).

Vanquished Creatures
  An iguana (D:5)
  An adder (D:5)
  A dart slug (D:5)
3 creatures vanquished.

Notes
Turn   | Place    | Note
-------+----------+-------------------------------------------
     0 | D:5      | Spectrina the Vampire Delver began the quest for the Orb.
     0 | D:5      | Reached XP level 1. HP: 17/17 MP: 1/1
    73 | D:5      | Reached skill level 8 in Stealth
    73 | D:5      | Reached XP level 2. HP: 1/18 MP: 2/2
    92 | D:5      | Noticed a scorpion
    94 | D:5      | Gained mutation: You are afflicted with vampirism and can
                  | become a bat while bloodless. [Vampire growth]
    94 | D:5      | Reached XP level 3. HP: 5/22 MP: 3/3
   102 | D:5      | Noticed a centaur
   104 | D:5      | Shot with an arrow by a centaur

Illustrated notes

Levels and vault maps discovered:
D:5:      layout_loops_cross, nicolae_uskayaw_suspiria, chequers_jeans

Skill      XL: |  1 |
---------------+----+-----
Stealth        | 8 |  8.8
Fighting       | |  2.6
Short Blades   | |  2.1
Dodging        | |  2.1

Action                   || total
-------------------------++-------
Melee: Short sword       ||    13
 Abil: Exsanguinate      ||     1
 Stab: Sleeping          ||     1
Armor: Leather armour    ||     1
Dodge: Dodged            ||     5
